 Dungeon Crawl Stone Soup version 0.29.1-12-g30fa7ad0bf (webtiles) character file.

Game seed: 6322660612014202114

6725 MisterFreud the Spry (level 10, -1/63 (67) HPs)
             Began as a Felid Berserker on Jan 7, 2023.
             Was a High Priest of Trog.
             Slain by Josephine
             ... wielding a +0 dagger of venom
              (3 damage)
             ... on level 11 of the Dungeon.
             The game lasted 00:14:00 (14434 turns).

MisterFreud the Spry (Felid Berserker)             Turns: 14434, Time: 00:14:01

HP:   -1/63 (67)    AC:  6    Str: 13    XL:     10   Next: 74%
MP:   11/11         EV: 32    Int: 10    God:    Trog [*****.]
Gold: 598           SH:  0    Dex: 19    Spells: 9/9 levels left
                                        Lives: 0   Deaths: 3

rFire   . . .      SeeInvis +     - Unarmed
rCold   . . .      Faith    .   (shield unavailable)
rNeg    . . .      Spirit   .   (body armour unavailable)
rPois   .          Reflect  .   (helmet unavailable)
rElec   .          Harm     .   (cloak unavailable)
rCorr   .          Rampage  .   (gloves unavailable)
Will    +....                   (boots unavailable)
Stlth   ..........              (no amulet)
HPRegen 0.20/turn               g - +4 ring of protection
MPRegen 0.12/turn               (no ring)

@: berserking, lethally poisoned (-1 -> -10), slowed, drained, quick
A: very small, claws 1, fangs 3, see invisible, speed 1, shaggy fur 2, stealthy
paws, no weapons or thrown items, no armour, multi-lived
a: Renounce Religion, Berserk, Trog's Hand, Brothers in Arms


You were on level 11 of the Dungeon.
You worshipped Trog.
Trog was extremely pleased with you.
You visited 1 branch of the dungeon, and saw 11 of its levels.
You also visited: Sewer.

You collected 598 gold pieces.

Inventory:

Jewellery
 g - a +4 ring of protection (left paw)
 q - an amulet of magic regeneration
Wands
 f - a wand of flame (12)
 h - a wand of charming (8)
 n - a wand of polymorph (11)
 o - a wand of digging (6)
 v - a wand of iceblast (4)
Scrolls
 j - 2 scrolls of blinking
 k - 4 scrolls of teleportation
 p - 3 scrolls of identify
 t - a scroll of magic mapping
Potions
 a - 4 potions of heal wounds
 b - 4 potions of haste
 c - 7 potions of flight
 d - 5 potions of curing
 e - 2 potions of mutation
 i - 3 potions of might
 l - a potion of lignification
 m - a potion of cancellation
 r - a potion of ambrosia
 s - 2 potions of magic
 u - 2 potions of berserk rage {unknown}


   Skills:
 + Level 6.0 Fighting
 - Level 18.0 Dodging
 - Level 10.0 Stealth
 - Level 10.0 Unarmed Combat
 + Level 9.6 Evocations


You had 9 spell levels left.
You didn't know any spells.
Your spell library was empty.

Dungeon Overview and Level Annotations

Branches:
Dungeon (11/15)            Temple (0/1) D:5            Lair (0/5) D:11
  Sewer (visited)
    Orc: D:9-12

Altars:
Elyvilon
Hepliaklqana
Qazlal
Sif Muna
Trog
Uskayaw
Wu Jian

Annotations:
D:11 Josephine


Innate Abilities, Weirdness & Mutations

You have sharp claws.
You have razor-sharp teeth.
You have supernaturally acute eyesight. (SInv)
You cover ground quickly. (Speed+)
You are covered in thick fur. (AC +2)
Your paws help you pounce on unaware monsters.
You are incapable of wielding weapons or throwing items.
You cannot wear armour.
You gain extra lives every three experience levels.


Message History

Your bite misses the wraith. The wraith misses you. The wraith hits you.
Josephine misses you.
A red film seems to cover your vision as you go berserk!
You feel yourself moving faster!
You feel mighty! The wraith closely misses you. The wraith misses you.
Josephine points at you and mumbles some strange words.
The ghostly flame explodes!
The ghostly fireball engulfs you!!
You feel drained.
The ghostly fireball engulfs Josephine.
Josephine completely resists.
The ghostly fireball engulfs the wraith.
The wraith completely resists.
The ghostly fireball engulfs the wraith.
The wraith completely resists.
You barely miss Josephine. Your bite misses Josephine.
Unknown command.
You closely miss Josephine. The wraith completely misses you.
The wraith hits you! The wraith drains your vigour!
You feel yourself slow down. Josephine misses you.
You claw Josephine! Your bite misses Josephine.
Josephine is moderately wounded.
The wraith hits you. The wraith drains your vigour!
You feel as though you will be slow longer.
Josephine hits you with a +0 dagger of venom!
* * * LOW HITPOINT WARNING * * *
You closely miss Josephine. You claw Josephine!
Josephine is moderately wounded.
You claw Josephine!
Josephine is heavily wounded.
The wraith misses you. The wraith hits you.
* * * LOW HITPOINT WARNING * * *
Josephine hits you with a +0 dagger of venom!
* * * LOW HITPOINT WARNING * * *
You are lethally poisoned!
The wraith completely misses you.
You claw Josephine!
Josephine is severely wounded.
* * * LOW HITPOINT WARNING * * *
You feel sick. The wraith completely misses you. x2
Josephine hits you with a +0 dagger of venom.
You die...

############## ######
.....#.......####....##
.......................
.......................
................>......
..................####..
..................##....
?....##.................
......W@W...............
####..@W.........(......
#.......................
#.#.....................
. #####.....#.#.........
##...##.#.........
.###.#...........
..#.......... ..........


You could see Josephine and 3 wraiths.

Vanquished Creatures
  Erolcha (D:9)
  Pikel (D:6)
  A manticore (D:9)
  2 cyclopes (D:11)
  A gargoyle (D:10)
  Maggie (D:7)
  A komodo dragon (D:10)
  3 trolls
  5 slime creatures (D:9)
  A hornet (D:8)
  2 shadows (D:8)
  A wraith (D:11)
  A wyvern (D:11)
  14 yaks
  A steam dragon (D:7)
  Edmund (D:5)
  An acid dragon (D:9)
  2 water moccasins
  A black bear (D:6)
  2 ice beasts
  2 orc warriors
  3 ogres
  4 centaurs
  2 lemures (D:6)
  A phantom (D:4)
  5 kobold brigands
  Blork the orc (D:6)
  A gnoll sergeant (D:9)
  4 bullfrogs
  2 scorpions
  10 wights
  8 killer bees
  4 howler monkeys
  A jelly (D:7)
  3 orc priests
  2 hounds
  Crazy Yiuf (D:6)
  4 iguanas
  9 orc wizards
  Robin (D:3)
  6 gnolls
  2 river rats (D:6)
  10 adders
  A white imp (D:7)
  An ufetubus (D:6)
  A worm (D:6)
  A dart slug (D:3)
  39 orcs
  3 ball pythons
  11 endoplasms
  4 giant cockroaches
  15 goblins
  10 hobgoblins
  11 jackals
  34 kobolds
  5 quokkas
  18 bats
  A frilled lizard (D:3)
  6 rats
290 creatures vanquished.

Vanquished Creatures (others)
  An orc (D:7)
1 creature vanquished.

Grand Total: 291 creatures vanquished

Notes
Turn   | Place    | Note
-------+----------+-------------------------------------------
     0 | D:1      | MisterFreud the Felid Berserker began the quest for the
                  | Orb.
     0 | D:1      | Reached XP level 1. HP: 10/10 MP: 2/2
    92 | D:1      | Reached skill level 1 in Stealth
   104 | D:1      | Reached XP level 2. HP: 11/14 MP: 3/3
   676 | D:1      | Found a faded altar of an unknown god.
   890 | D:1      | Reached ** piety under Trog
   891 | D:1      | Reached XP level 3. HP: 17/17 MP: 4/4
  1582 | D:3      | Reached XP level 4. HP: 19/21 MP: 5/5
  2389 | D:3      | Identified a scroll of acquirement
  2389 | D:3      | Acquired a manual of Dodging
  2631 | D:3      | Found a bloodstained altar of Trog.
  2632 | D:3      | Noticed Robin
  2660 | D:3      | Reached *** piety under Trog
  2702 | D:3      | HP: 1/21 [hobgoblin[Robin] (5)]
  2730 | D:3      | Slain by Robin
  2731 | D:3      | Reached XP level 3. HP: -4/17 MP: 4/4
  2977 | D:3      | Killed Robin
  2978 | D:3      | Reached XP level 4. HP: 21/21 MP: 5/5
  3366 | D:4      | Noticed a bullfrog
  3368 | D:4      | Noticed an ice beast
  3388 | D:4      | Killed a bullfrog
  3389 | D:4      | Reached skill level 5 in Dodging
  3389 | D:4      | Reached XP level 5. HP: 22/24 MP: 6/6
  3541 | D:4      | Reached skill level 5 in Unarmed Combat
  3659 | D:4      | Noticed a phantom
  3667 | D:4      | Killed a phantom
  3668 | D:4      | Reached skill level 5 in Stealth
  3672 | D:4      | Reached skill level 6 in Dodging
  3672 | D:4      | Gained mutation: You are covered in thick fur. (AC +2)
                  | [Felid growth]
  3672 | D:4      | Reached XP level 6. HP: 27/28 MP: 7/7
  4026 | D:4      | Killed an ice beast
  4340 | D:4      | Reached skill level 7 in Dodging
  4869 | D:5      | Entered Level 5 of the Dungeon
  4988 | D:5      | Reached XP level 7. HP: 31/31 MP: 8/8
  5054 | D:5      | Reached skill level 8 in Dodging
  5247 | D:5      | Found a staircase to the Ecumenical Temple.
  5271 | D:5      | Found an ornate altar of the Wu Jian Council.
  5290 | D:5      | Found a stormy altar of Qazlal.
  5386 | D:5      | Found a shimmering blue altar of Sif Muna.
  5666 | D:5      | Reached skill level 9 in Dodging
  5736 | D:5      | Noticed Edmund
  5751 | D:5      | Killed Edmund
  5752 | D:5      | Reached skill level 10 in Dodging
  5752 | D:5      | Reached skill level 1 in Evocations
  6583 | D:6      | Found a glowing drain.
  6587 | Sewer    | Entered a sewer
  6974 | D:6      | Reached XP level 8. HP: 26/36 MP: 9/9
  6985 | D:6      | Reached **** piety under Trog
  6995 | D:6      | Reached skill level 11 in Dodging
  7172 | D:6      | Noticed Pikel
  7195 | D:6      | Killed Pikel
  7196 | D:6      | Reached skill level 5 in Fighting
  7196 | D:6      | Reached skill level 12 in Dodging
  7399 | D:6      | Found a runed translucent door.
  7400 | D:6      | Noticed Crazy Yiuf
  7652 | D:6      | Reached skill level 5 in Evocations
  7758 | D:6      | Noticed Blork the orc
  7776 | D:6      | Killed Blork the orc
  7943 | D:6      | Reached XP level 9. HP: 41/41 MP: 10/10
  8609 | D:6      | Killed Crazy Yiuf
  8650 | D:7      | Found a hide-covered altar of Uskayaw.
  8681 | D:7      | Reached skill level 13 in Dodging
  8837 | D:7      | Noticed a +0 hand axe
  8839 | D:7      | Noticed a +0 hand axe
  8846 | D:7      | Noticed Maggie
  9264 | D:7      | Killed Maggie
  9336 | D:7      | Found a white marble altar of Elyvilon.
  9343 | D:7      | Reached skill level 14 in Dodging
 10077 | D:7      | Found a hazy altar of Hepliaklqana.
 10320 | D:8      | Reached XP level 10. HP: 40/45 MP: 11/11
 10358 | D:8      | Reached skill level 15 in Dodging
 10910 | D:8      | Reached skill level 10 in Stealth
 11236 | D:9      | Reached ***** piety under Trog
 11383 | D:9      | Reached skill level 16 in Dodging
 11777 | D:9      | Reached skill level 10 in Unarmed Combat
 11790 | D:9      | Slain by a slime creature
 11791 | D:9      | Reached XP level 9. HP: -1/61 MP: 10/10
 11833 | D:9      | Noticed a manticore
 11855 | D:9      | Killed a manticore
 12068 | D:9      | Noticed Erolcha
 12073 | D:9      | Killed from afar by Erolcha
 12074 | D:9      | Reached XP level 8. HP: -2/38 MP: 9/9
 12121 | D:9      | Reached XP level 9. HP: 24/41 MP: 10/10
 12334 | D:9      | Killed Erolcha
 12335 | D:9      | Reached skill level 17 in Dodging
 12475 | D:9      | Identified the +3 dagger of Indomitability {vorpal, +Blink
                  | rElec rC+++ Int-5}
 12706 | D:9      | Killed a large slime creature
 13016 | D:10     | Entered Level 10 of the Dungeon
 13026 | D:10     | Noticed a troll
 13046 | D:10     | Killed a troll
 13198 | D:10     | Identified the +5 chain mail "Teepp" {rC+ Int+2 Dex-2}
 13273 | D:10     | Noticed a komodo dragon
 13280 | D:10     | Killed a komodo dragon
 13281 | D:10     | Reached XP level 10. HP: 45/45 MP: 11/11
 13299 | D:10     | Noticed a gargoyle
 13767 | D:10     | Reached skill level 18 in Dodging
 13830 | D:10     | Killed a gargoyle
 13971 | D:11     | Noticed a cyclops
 13985 | D:11     | Killed a cyclops
 14244 | D:11     | Found a staircase to the Lair.
 14259 | D:11     | Noticed a cyclops
 14273 | D:11     | Killed a cyclops
 14415 | D:11     | Noticed Josephine
 14434 | D:11     | HP: 2/63 [poisoned by Josephine]
 14434 | D:11     | Slain by Josephine

Illustrated notes

Levels and vault maps discovered:
D:1:      lemuel_arrival_behind_the_door_small, layout_basic,
          dreamdust_ecumenical_altar_hidden_monk_grotto, minmay_vboxes
D:2:      layout_rooms, columned_hall_lemuel
D:3:      layout_loops_cross, lemuel_round_altar, uniq_robin
D:4:      layout_rooms, st_stairs_5
D:5:      layout_layer_cave, old_standard_altar, kennysheep_orc_sif_temple,
          nicolae_wu_jian_wuxing_cycle, temple_pool_b, nrook_loot_triangle,
          uniq_edmund
D:6:      layout_basic, gup_sewer_entry_spiral, uniq_blork_the_orc, uniq_pikel,
          uniq_crazy_yiuf_cottage
D:7:      layout_gridville, mainiacjoe_overflow_alcove_2,
          mainiacjoe_overflow_boulevard, dancing_weapons_uskayaw, uniq_maggie
D:8:      layout_loops_cross
D:9:      layout_long_grid, uniq_erolcha
D:10:     layout_roguey, nicolae_twisting_strands, minmay_misc_feat_five
D:11:     nicolae_cairo_tiling, layout_basic, lair_entry_dummy, orc_0_dummy,
          statue_in_the_mist_lemuel, uniq_maurice, uniq_josephine

Skill      XL: |  1  2  3  4  5  6  7  8  9 10 |
---------------+-------------------------------+-----
Stealth        | 1 2 3 4 5 6 9 10 | 10.0
Unarmed Combat | 4 5 6 7 10 | 10.0
Dodging        | 5 6 7 10 12 17 18 | 18.0
Evocations     | 2 5 7 9 |  9.6
Fighting       | 6 |  6.0

Action                   |  1- 3 |  4- 6 |  7- 9 | 10-12 || total
-------------------------+-------+-------+-------+-------++-------
Melee: Unarmed           |   111 |   159 |   541 |   336 ||  1147
       Bite              |     8 |    10 |    60 |    50 ||   128
       Punch             |       |     5 |    28 |    36 ||    69
Invok: Berserk           |     3 |     3 |     9 |     4 ||    19
       Trog's Hand       |       |     3 |     2 |       ||     5
  Use: Scroll            |     2 |     8 |    10 |     2 ||    22
 Stab: Sleeping          |    10 |     7 |    12 |     1 ||    30
       Distracted        |       |     1 |       |       ||     1
       Confused          |       |       |     1 |       ||     1
Armor: Skin              |     5 |     4 |    47 |    15 ||    71
Dodge: Dodged            |    98 |   114 |   656 |   278 ||  1146
